 Dungeon Crawl Stone Soup version 0.21.0-24-g2553a33 (webtiles) character file.

167 Monsterracer the Slasher (level 5, -1/48 HPs)
             Began as a Deep Elf Abyssal Knight on Jan 20, 2018.
             Was a Believer of Lugonu.
             Slain by a worker ant (2 damage)
             ... on level 4 of the Dungeon.
             The game lasted 00:04:05 (3843 turns).

Monsterracer the Slasher (Deep Elf Abyssal Knight)  Turns: 3843, Time: 00:04:06

Health: -1/48      AC: 22    Str: 10    XL:     5   Next: 23%
Magic:  8/8        EV:  2    Int: 17    God:    Lugonu [**....]
Gold:   107        SH:  0    Dex: 19    Spells: 4/4 levels left

rFire    . . .     SeeInvis .   a - +1 falchion
rCold    . . .     Gourm    .   (no shield)
rNeg     + + +     Faith    .   (armour currently unavailable)
rPois    +         Spirit   .   (helmet currently unavailable)
rElec    .         Reflect  .   (cloak currently unavailable)
rCorr    .         Harm     .   (gloves currently unavailable)
MR       .....     NoTele   +   (boots currently unavailable)
Stlth    +++.......             (no amulet)
HPRegen  0.16/turn              (no ring)
MPRegen  0.11/turn              (no ring)

@: agile, lethally poisoned (-1 -> -8), tree-form
A: no striking features
a: Depart the Abyss, Bend Space, Renounce Religion


You were on level 4 of the Dungeon.
You worshipped Lugonu.
Lugonu was pleased with you.
You were very hungry.
You were a tree.
You visited 1 branch of the dungeon, and saw 4 of its levels.
You visited the Abyss 1 time.

You collected 107 gold pieces.

Inventory:

Hand Weapons
 a - a +1 falchion (weapon)
 b - a +1 dagger of holy wrath
Armour
 l - a +0 leather armour (melded)
 o - a +0 pair of gloves (melded)
Scrolls
 d - a scroll of amnesia {unknown}
 e - a scroll of noise {unknown}
 f - 3 scrolls of teleportation {unknown}
 g - a scroll of fear {unknown}
 i - 2 scrolls of remove curse {unknown}
 k - 3 scrolls of identify {unknown}
 n - 2 scrolls of blinking {unknown}
Potions
 h - a potion of brilliance {unknown}
 p - a potion of degeneration {unknown}
Comestibles
 c - 7 rations


   Skills:
 + Level 2.9 Fighting
 * Level 4.2 Long Blades
 - Level 0.7 Armour
 + Level 3.3 Dodging
 - Level 2.0 Invocations


You had 4 spell levels left.
You didn't know any spells.

Dungeon Overview and Level Annotations

Branches:
Dungeon (4/15)
 Temple: D:4-7

Altars:
The Shining One

Annotations:
D:3 Monsterracer's ghost, amateur TrSk; Sigmund


Message History

HP restored.
Key pressed, stopping explore.
No target in view!
Health restored: 32
k - 3 scrolls labeled AZELEV XOMAY (gained 1)
Found a stone staircase leading up.
Okay, then.
You aren't carrying any pieces of jewellery.
A centaur skeleton comes into view.
A centaur skeleton is nearby!
A worker ant comes into view.
Found a ration.
Found an escape hatch in the ceiling.
The worker ant twitches its antennae in your direction.
Found an escape hatch in the floor.
You hit the centaur skeleton.
The centaur skeleton is lightly damaged.
The centaur skeleton hits you but does no damage.
The centaur skeleton hits you.
You take 3 damage, and have 29/32 hp.
You slash the centaur skeleton!
The centaur skeleton is moderately damaged.
The centaur skeleton hits you.
You take 1 damage, and have 28/32 hp.
You hit the centaur skeleton.
The centaur skeleton is moderately damaged.
The centaur skeleton hits you. The worker ant completely misses you.
You take 6 damage, and have 22/32 hp.
The centaur skeleton closely misses you.
You completely miss the worker ant. The worker ant bites you!
* * * LOW HITPOINT WARNING * * *
The worker ant bites you.
* * * LOW HITPOINT WARNING * * *
You take 11 damage, and have 11/32 hp.
MASSIVE DAMAGE!!
You barely miss the worker ant. The worker ant bites you.
* * * LOW HITPOINT WARNING * * *
You take 1 damage, and have 10/32 hp.
You barely miss the worker ant. The worker ant barely misses you.
You riposte.
You closely miss the worker ant.
Unknown command.
You hit the worker ant.
The worker ant is moderately wounded.
The worker ant bites you but does no damage.
You hit the worker ant.
The worker ant is heavily wounded.
The worker ant misses you. x2
You hit the worker ant.
The worker ant is heavily wounded.
The worker ant closely misses you.
You hit the worker ant but do no damage.
The worker ant is heavily wounded.
The worker ant bites you but does no damage.
You hit the worker ant but do no damage.
The worker ant is heavily wounded.
The worker ant bites you.
* * * LOW HITPOINT WARNING * * *
You are lethally poisoned!
The worker ant poisons you! The worker ant bites you.
* * * LOW HITPOINT WARNING * * *
You are more poisoned.
The worker ant poisons you!
You take 6 damage, and have 5/32 hp.
You turn into a tree.
Your +0 pair of gloves melds into your body.
Your +0 leather armour melds into your body.
Your roots penetrate the ground.
* * * LOW HITPOINT WARNING * * *
You feel sick.
The worker ant bites you but does no damage.
You now have 5/48 hp.
You barely miss the worker ant.
The worker ant is heavily wounded.
* * * LOW HITPOINT WARNING * * *
You feel sick.
The worker ant bites you but does no damage.
You take 1 damage, and have 4/48 hp.
You hit the worker ant.
The worker ant is heavily wounded.
* * * LOW HITPOINT WARNING * * *
You feel sick.
The worker ant bites you but does no damage. x2
You take 1 damage, and have 3/48 hp.
You completely miss the worker ant.
The worker ant is heavily wounded.
* * * LOW HITPOINT WARNING * * *
You feel sick.
The worker ant waves its antennae.
The worker ant barely misses you.
You riposte.
You hit the worker ant but do no damage.
The worker ant is heavily wounded.
You barely miss the worker ant.
The worker ant is heavily wounded.
* * * LOW HITPOINT WARNING * * *
You feel sick.
The worker ant bites you but does no damage.
You take 1 damage, and have 2/48 hp.
It was a potion of agility.
You feel agile all of a sudden.
* * * LOW HITPOINT WARNING * * *
You feel sick. The worker ant bites you.
You die...

... ....# ..#
....#...##..##%
....#..........
.....<....... ..
......... .#.#
...<##...#.#...#.#
.......Z...#.....#
....###a##.#..
#.##### . #♣##....
#.#...#
#..#.##.##.#..(#
#.....#..#.#...#
####.#..##...<...#
#............#.[.#
#.##.##......#...#
#........#...#...#
#.##.##......#..)#
#...........>#...#


You could see a worker ant and a centaur skeleton.

Vanquished Creatures
  Terence (D:3)
  4 gnolls
  4 adders
  2 oozes
  An adder skeleton (D:4)
  2 dart slugs (D:1)
  A leopard gecko (D:3)
  4 bats
  3 giant cockroaches
  10 goblins
  2 hobgoblins
  8 jackals
  4 kobolds
  A quokka (D:2)
  A frilled lizard (D:1)
  7 rats
55 creatures vanquished.

Notes
Turn   | Place    | Note
-------+----------+-------------------------------------------
     0 | Abyss:1  | Monsterracer the Deep Elf Abyssal Knight began the quest for the Orb.
     0 | Abyss:1  | Reached XP level 1. HP: 13/13 MP: 4/4
     7 | D:1      | Escaped the Abyss
    19 | D:1      | Reached skill level 2 in Long Blades
    22 | D:1      | HP: 6/13 [goblin (2)]
   409 | D:1      | Reached XP level 2. HP: 17/18 MP: 5/5
   641 | D:1      | Reached skill level 3 in Long Blades
   922 | D:1      | Reached XP level 3. HP: 18/22 MP: 6/6
  1019 | D:2      | Reached ** piety under Lugonu
  1041 | D:2      | HP: 11/22 [poisoned by an adder]
  1046 | D:2      | HP: 9/22 [poisoned by an adder]
  1053 | D:2      | HP: 8/22 [poisoned by an adder]
  1061 | D:2      | HP: 6/22 [poisoned by an adder]
  1563 | D:2      | HP: 11/22 [quokka (4)]
  1568 | D:2      | HP: 10/22 [adder (1)]
  1573 | D:2      | HP: 3/22 [adder (3)]
  1578 | D:2      | HP: 2/33 [poisoned by an adder]
  1677 | D:2      | Reached XP level 4. HP: 16/27 MP: 7/7
  1681 | D:2      | HP: 13/27 [poisoned by an adder]
  1688 | D:2      | HP: 11/27 [poisoned by an adder]
  1695 | D:2      | HP: 9/27 [poisoned by an adder]
  1703 | D:2      | HP: 8/27 [poisoned by an adder]
  1936 | D:2      | Found a faded altar of an unknown god.
  2305 | D:2      | Found a glowing golden altar of the Shining One.
  2432 | D:2      | HP: 12/27 [gnoll (7)]
  2703 | D:3      | HP: 10/27 [gnoll/halberd (6)]
  2704 | D:3      | Reached skill level 4 in Long Blades
  2875 | D:3      | Noticed Monsterracer's ghost (amateur TrSk)
  2877 | D:3      | HP: 11/27 [Monsterracer's ghost (11)]
  3084 | D:3      | Noticed Terence
  3098 | D:3      | Killed Terence
  3236 | D:3      | Reached XP level 5. HP: 24/32 MP: 8/8
  3626 | D:3      | Noticed Sigmund
  3830 | D:4      | HP: 15/32 [worker ant (7)]
  3837 | D:4      | HP: 7/32 [worker ant (4)]
  3840 | D:4      | HP: 3/48 [poisoned by a worker ant]
  3843 | D:4      | HP: 1/48 [poisoned by a worker ant]
  3843 | D:4      | Slain by a worker ant

Skill      XL: |  1  2  3  4 |
---------------+-------------+-----
Long Blades    | 2 3 4 |  4.2
Dodging        | 3 |  3.3
Fighting       | |  2.9
Armour         | |  0.7
Invocations    | |  2.0

Action                   |  1- 3 |  4- 6 || total
-------------------------+-------+-------++-------
Melee: Falchion          |   109 |   102 ||   211
  Use: Potion            |     2 |     2 ||     4
  Eat: Chunk             |     2 |     6 ||     8
Armor: Leather armour    |    28 |    22 ||    50
       Skin              |     4 |     5 ||     9
Dodge: Dodged            |    95 |    77 ||   172
       Rpst.: Falchion   |    19 |    33 ||    52

Vault maps used:
D:1:      dpeg_arrival_ternary
D:2:      tso_oasis_becter, chequers_ecumenical_altar_island,
          kennysheep_generic_room_15
D:3:      uniq_terence, uniq_sigmund
D:4:      kennysheep_little_box, kennysheep_mini_moat,
          overflow_temple_1_default, minmay_temple_entry_junction, first_ration,
          uniq_robin
Abyss:1:  hangedman_abyss_mock_shop
